 Dungeon Crawl Stone Soup version 0.26-a0-540-g8a0c9464d7 (webtiles) character file.

Game seed: 16912378657851922111

39 Inarius the Skirmisher (level 3, -2/29 HPs)
             Began as a Mummy Wanderer on Aug 23, 2020.
             Slain by a worm (5 damage)
             ... on level 1 of the Dungeon.
             The game lasted 00:01:55 (1081 turns).

Inarius the Skirmisher (Mummy Wanderer)             Turns: 1081, Time: 00:01:56

Health: -2/29      AC:  3    Str: 19    XL:     3   Next: 26%
Magic:  3/3        EV: 10    Int:  9    God:
Gold:   44         SH:  3    Dex: 10    Spells: 2/2 levels left

rFire    x . .     SeeInvis .   b - +0 short sword
rCold    + . .     Faith    .   i - +0 buckler
rNeg     + + +     Spirit   .   f - +0 leather armour
rPois    ∞         Reflect  .   (no helmet)
rElec    .         Harm     .   (no cloak)
rCorr    .                      (no gloves)
MR       .....                  (no boots)
Stlth    +.........             (no amulet)
HPRegen  0.09/turn              (no ring)
MPRegen  0.08/turn              (no ring)

@: no status effects
A: no potions, fire vulnerability, cold resistance 1, negative energy resistance
3, torment resistance, unbreathing
a: no special abilities


You were on level 1 of the Dungeon.
You visited 1 branch of the dungeon, and saw 2 of its levels.

You collected 44 gold pieces.

Inventory:

Hand Weapons
 a - a +2 hand crossbow
 b - a +0 short sword (weapon)
Missiles
 e - 23 bolts
Armour
 f - a +0 leather armour (worn)
 i - a +0 buckler (worn)
Scrolls
 c - 6 scrolls of teleportation
 d - a scroll of remove curse {unknown}
 g - a scroll of random uselessness {unknown}
 h - 2 scrolls of identify {unknown}


   Skills:
 + Level 3.3 Fighting
 - Level 1.7 Crossbows
 * Level 3.3 Armour
 - Level 1.0 Stealth
   Level 1.0 Evocations


You had 2 spell levels left.
You didn't know any spells.
Your spell library was empty.

Dungeon Overview and Level Annotations

Branches:
Dungeon (2/15)

Altars:


Innate Abilities, Weirdness & Mutations

You do not drink.
Your flesh is vulnerable to fire.
You are immune to poison.
Your flesh is cold resistant. (rC+)
You are immune to negative energy. (rN+++)
You are immune to unholy pain and torment.
You can survive without breathing.


Message History

The leopard gecko bites you but does no damage.
The worm bites you!
* * * LOW HITPOINT WARNING * * *
The leopard gecko closely misses you.
You miss the leopard gecko.
The leopard gecko is almost dead.
You block the leopard gecko's attack. The worm closely misses you.
You hit the leopard gecko but do no damage.
The leopard gecko is almost dead.
The leopard gecko barely misses you.
You closely miss the leopard gecko.
The leopard gecko is almost dead.
The leopard gecko bites you.
* * * LOW HITPOINT WARNING * * *
The worm closely misses you. The leopard gecko closely misses you.
You hit the leopard gecko but do no damage.
The leopard gecko is almost dead.
The leopard gecko bites you but does no damage.
The worm bites you.
You die...

#...............#..###### #..
#......)....###.........####.
#.....÷.....# #......##......
#...........####.###.###.##..
#..........................(#
##.###..####...#.#......÷....
#..##.....###.....#..###...#
##.##.###.####...##...####.#
#........l@w....##...####..
#.......#####...##.#..#....
##...!..# #......##....##
#......# #......##....##
#......#####.........#..##
#...................#.#...
#......#####.......#...#..
#.....[.......#######.####
#......###....#≈≈#.......#


You could see a worm and a leopard gecko.

Vanquished Creatures
  An adder (D:1)
  A worm (D:1)
  A dart slug (D:1)
  A leopard gecko (D:1)
  4 bats (D:1)
  A giant cockroach (D:1)
  A goblin (D:1)
  4 hobgoblins (D:1)
  A frilled lizard (D:1)
  5 kobolds (D:1)
  5 rats (D:1)
25 creatures vanquished.

Notes
Turn   | Place    | Note
-------+----------+-------------------------------------------
     0 | D:1      | Inarius the Mummy Wanderer began the quest for the Orb.
     0 | D:1      | Inarius set off with the following items: a +2 hand
                  | crossbow, 25 bolts, 2 scrolls of teleportation, a +0 robe
     0 | D:1      | Reached XP level 1. HP: 18/18 MP: 1/1
   160 | D:1      | Reached XP level 2. HP: 24/24 MP: 2/2
   680 | D:1      | Reached XP level 3. HP: 16/29 MP: 3/3
  1081 | D:1      | Slain by a worm

Illustrated notes

Levels and vault maps discovered:
D:1:      psy_arrival_dodecagon, layout_rooms
D:2:      layout_rooms, tso_oasis_becter, fiery_altar_vehumet

Skill      XL: |  1  2 |
---------------+-------+-----
Armour         | 3 |  3.3
Fighting       | |  3.3
Crossbows      | |  1.7
Stealth        | |  1.0
Evocations     | |  1.0

Action                   || total
-------------------------++-------
Melee: Dagger            ||    57
       Short sword       ||    18
 Fire: Hand crossbow     ||    33
 Stab: Sleeping          ||     1
Armor: Leather armour    ||    66
Dodge: Dodged            ||   127
Block: Buckler           ||     7

Table legend: (Time is in decaauts)
 A = Elapsed time spent in this place.
 B = Non-inter-level travel time spent in this place.
 C = Inter-level travel time spent in this place.
 D = Time resting spent in this place.
 E = Time spent auto-exploring this place.
 F = Levels seen in this place.
 G = Mean time per level.
                   A        B        C        D        E       F      G
               +--------+--------+--------+--------+--------+-----+--------+
         Total |   1092 |   1078 |     14 |    455 |    283 |   2 |  546.0 |
       Dungeon |   1092 |   1078 |     14 |    455 |    283 |   2 |  546.0 |
               +--------+--------+--------+--------+--------+-----+--------+

Top non-repeatable levels by time:
     D:1: 1049 daAuts
     D:2: 43 daAuts
